 Dungeon Crawl Stone Soup version 0.31-a0-1-g4198be8af4 (webtiles) character file.

Game seed: 8456321766195527275

67 qeuew the Sneak (level 3, -10/18 HPs)
             Began as a Spriggan Brigand on May 1, 2023.
             Mangled by a two-headed ogre
             ... wielding a +0 giant spiked club
              (28 damage)
             ... on level 4 of the Dungeon.
             The game lasted 00:02:36 (2097 turns).

qeuew the Sneak (Spriggan Brigand)                  Turns: 2097, Time: 00:02:37

Health: -10/18     AC:  4    Str:  4 (7)  XL:     3   Next: 98%
Magic:  4/4        EV: 18    Int: 11 (12) God:
Gold:   135        SH:  0    Dex: 25 (26) Spells: 2/2 levels left

rFire   . . .        a - +3 dagger
rCold   + . .        (no shield)
rNeg    . . .        b - +0 robe
rPois   .            (helmet restricted)
rElec   .            c - +1 cloak
rCorr   .            (gloves unavailable)
SInv    +            (boots unavailable)
Will    +....        (no amulet)
Stlth   ++++         f - ring "Quepreuq" {Drain Will+ Dex+8 Slay+4}
HPRegen 0.23/turn    o - ring of protection from cold
MPRegen 0.09/turn

%: no passive effects
@: very quick
A: very small, no large weapons, unfitting armour, see invisible, speed 3
a: no special abilities


You were on level 4 of the Dungeon.
You visited 1 branch of the dungeon, and saw 4 of its levels.

You collected 135 gold pieces.

Inventory:

Hand Weapons
 a - a +3 dagger (weapon)
Missiles
 d - 8 poisoned darts (quivered)
 p - a throwing net
Armour
 b - a +0 robe (worn)
 c - a +1 cloak (worn)
Jewellery
 f - the ring "Quepreuq" (left hand) {Drain Will+ Dex+8 Slay+4}
   (You acquired it on level 2 of the Dungeon)

   [ring of slaying]

   Dex:       It affects your dexterity (+8).
   Slay:      It affects your accuracy & damage with ranged weapons and melee
   (+4).
   Drain:     It drains your maximum health when unequipped.
   Will:      It increases your willpower.
 o - a ring of protection from cold (right hand)
Scrolls
 g - 4 scrolls of teleportation
 h - a scroll of enchant armour
 k - a scroll of enchant weapon
Potions
 i - a potion of mutation
 m - 4 potions of curing
 q - a potion of haste
 r - a potion of heal wounds


   Skills:
 + Level 2.0 Fighting
 * Level 3.0 Short Blades
 + Level 2.4 Throwing
 + Level 2.1 Dodging
 * Level 6.7 Stealth


You had 2 spell levels left.
You didn't know any spells.
Your spell library contained the following spells:

 Spells                   Type           Power      Damage    Failure   Level
 Blink                    Tloc           0%         N/A       47%         2
 Manifold Assault         Tloc           0%         N/A       98%         4
 Storm Form               Tmut/Air       0%         N/A       100%        7


Dungeon Overview and Level Annotations

Branches:
Dungeon (4/15)
 Temple: D:4-7

Altars:


Innate Abilities, Weirdness & Mutations

You are very small and have problems with some larger weapons.
You are too small for most types of armour.
You have supernaturally acute eyesight. (SInv)
You cover ground extremely quickly. (Speed+++)


Message History

No target in view!
Unknown command.
Throw: 3 darts (curare)
Press: ? - help, Q - select action, (/) - cycle Shift-Dir - straight line, f - two-headed ogre
Aim: a two-headed ogre, wielding a +0 giant spiked club and a +0 giant club (81% to hit)
You throw a curare-tipped dart.
The curare-tipped dart hits the two-headed ogre.
The two-headed ogre is poisoned.
The two-headed ogre convulses.
The two-headed ogre seems to slow down.
The two-headed ogre is lightly wounded.
You throw a curare-tipped dart.
The curare-tipped dart hits the two-headed ogre.
The two-headed ogre looks as sick as possible!
The two-headed ogre convulses.
The two-headed ogre seems to be slow for longer.
The two-headed ogre is moderately wounded.
You throw a curare-tipped dart.
The curare-tipped dart hits the two-headed ogre.
The two-headed ogre looks as sick as possible!
The two-headed ogre convulses.
The two-headed ogre seems to be slow for longer.
The two-headed ogre is heavily wounded.
You throw a poisoned dart.
The poisoned dart barely misses the two-headed ogre.
You throw a poisoned dart.
The poisoned dart hits the two-headed ogre.
The two-headed ogre looks as sick as possible!
The two-headed ogre is heavily wounded.
A gnoll comes into view. It is wielding a +0 spear.
You throw a poisoned dart.
The poisoned dart hits the two-headed ogre.
The two-headed ogre looks as sick as possible!
The two-headed ogre is almost dead.
You throw a poisoned dart.
The poisoned dart hits the two-headed ogre.
The two-headed ogre looks as sick as possible!
The two-headed ogre is almost dead.
The two-headed ogre hits you with a +0 giant spiked club!!
Ouch! That really hurt!
You die...

.###.... .... ((###.#
#..... #(...>##......
#.(..........g
####............#
#...............# ..
.......#.(.........####.#
...#####.O....<.........#
. ##@.............#
#..............#
##.............#
#.....<.......#
##..<###......#
#....#####...## #....###
###..## ##......## ##..#
#........######..


You could see a two-headed ogre (extremely poisoned, slow).

Vanquished Creatures
  Jessica (D:3)
  2 dart slugs
  4 ball pythons
  2 bats
  3 endoplasms
  3 giant cockroaches (D:1)
  3 goblins
  3 hobgoblins
  2 jackals (D:1)
  3 quokkas (D:1)
  2 frilled lizards
  4 kobolds
  2 rats
34 creatures vanquished.

Notes
Turn   | Place    | Note
-------+----------+-------------------------------------------
     0 | D:1      | qeuew the Spriggan Brigand began the quest for the Orb.
     0 | D:1      | Reached XP level 1. HP: 10/10 MP: 2/2
   160 | D:1      | Reached skill level 6 in Stealth
   174 | D:1      | Reached XP level 2. HP: 15/15 MP: 3/3
   348 | D:1      | Found a faded altar of an unknown god.
  1386 | D:2      | Identified a scroll of acquirement
  1386 | D:2      | Acquired the ring "Quepreuq" {Drain Will+ Dex+8 Slay+4}
  1414 | D:3      | Reached XP level 3. HP: 18/18 MP: 4/4
  1419 | D:3      | Noticed Jessica
  1427 | D:3      | Killed Jessica
  2080 | D:4      | Noticed a two-headed ogre
  2097 | D:4      | Mangled by a two-headed ogre

Illustrated notes

Levels and vault maps discovered:
D:1:      matt_arrival_grand_opening, layout_basic,
          ebering_ecumenical_altar_petrified
D:2:      layout_basic, dk_vineyard_1
D:3:      layout_loops_ring, uniq_jessica
D:4:      layout_layer_cave, nicolae_ashenzari_skybound,
          mainiacjoe_overflow_alcove_1

Skill      XL: |  1  2  3 |
---------------+----------+-----
Stealth        | 6 |  6.7
Fighting       | 2 |  2.0
Short Blades   | 3 |  3.0
Dodging        | 2 |  2.1
Throwing       | |  2.4

Action                     || total
---------------------------++-------
  Melee: Dagger            ||    81
  Throw: Dart              ||     7
    Use: Scroll            ||    12
         Potion            ||     4
   Stab: Sleeping          ||     7
 Armour: Robe              ||     8
  Dodge: Dodged            ||    67

Table legend: (Time is in decaauts)
 A = Elapsed time spent in this place.
 B = Non-inter-level travel time spent in this place.
 C = Inter-level travel time spent in this place.
 D = Time resting spent in this place.
 E = Time spent auto-exploring this place.
 F = Levels seen in this place.
 G = Mean time per level.
                   A        B        C        D        E       F      G
               +--------+--------+--------+--------+--------+-----+--------+
         Total |   1350 |   1321 |     29 |    100 |   1018 |   4 |  337.5 |
       Dungeon |   1350 |   1321 |     29 |    100 |   1018 |   4 |  337.5 |
               +--------+--------+--------+--------+--------+-----+--------+

Top non-repeatable levels by time:
     D:2: 465 daAuts
     D:1: 460 daAuts
     D:3: 386 daAuts
     D:4: 39 daAuts
